Map: Catalyst LE

Players

Ingebrigtsen - Winner!

  • Race: Terran Terran
  • League: Grandmaster
  • Spawn Location: 11:00

Manta

  • Race: Terran Terran
  • League: Master
  • Spawn Location: 5:00

VOD

Have the link to the VOD?

Description

Time

  • Played on: Dec. 4, 2017, 6:20 p.m.
  • Length: 8:24
Show
View Real Time Build Order
Export as new Build Order

Ingebrigtsen Terran - Winner!

Build Orders: Cyclone Opening, Reaper Expand 

Get SALT Encoding   

  12  0:00  SCV  
  13  0:13  SCV  
  14  0:18  Supply Depot  
  14  0:25  SCV  
  14  0:28  Refinery  
  15  0:40  SCV  
  16  0:45  Barracks  
  16  0:52  SCV  
  17  1:04  SCV  
  18  1:18  SCV  
  19  1:32  Orbital Command  
  19  1:34  Reaper  
  20  1:48  Command Center  
  20  2:02  Factory  
  20  2:03  SCV  
  20  2:07  Reaper  
  22  2:13  Refinery  
  22  2:17  SCV  
  22  2:21  Supply Depot  
  23  2:41  Barracks Reactor  
  23  2:43  SCV  
  24  2:52  Cyclone  
  24  2:55  SCV  
  28  3:01  Orbital Command  
  28  3:06  Engineering Bay  
  28  3:07  SCV  
  29  3:19  SCV  
  30  3:29  SCV  
  30  3:31  Cyclone x2  
  37  3:41  SCV  
  37  3:43  SCV  
  37  3:44  Missile Turret  
  38  3:48  Supply Depot  
  38  3:50  Orbital Command  
  38  3:53  SCV  
  37  4:05  SCV  
  37  4:08  Cyclone x2  
  43  4:16  SCV  
  44  4:17  SCV  
  44  4:21  Missile Turret  
  44  4:23  Marine  
  46  4:28  SCV  
  46  4:29  SCV  
  47  4:41  SCV x2  
  48  4:49  Cyclone x2  
  54  5:04  SCV x2  
  54  5:06  Supply Depot  
  56  5:16  SCV x2  
  58  5:25  Command Center  
  58  5:29  SCV  
  58  5:33  Cyclone x2  
  50  5:51  SCV  
  50  5:52  Refinery  
  50  5:53  Refinery  
  50  5:55  SCV  
  52  6:05  SCV, Cyclone x2  
  52  6:07  SCV  
  60  6:17  SCV  
  61  6:19  SCV  
  62  6:29  SCV  
  62  6:31  SCV  
  62  6:32  Supply Depot x2  
  64  6:35  Armory x2  
  64  6:41  SCV  
  64  6:43  SCV  
  64  6:44  Orbital Command  
  64  6:46  Refinery  
  66  6:49  Cyclone x2  
  66  6:54  SCV  
  73  6:55  SCV  
  73  7:01  Missile Turret  
  74  7:06  SCV  
  74  7:08  SCV  
  76  7:11  Missile Turret  
  74  7:18  SCV  
  74  7:21  Cyclone x2  
  68  7:30  SCV  
  55  7:51  SCV  
Show
View Real Time Build Order
Export as new Build Order

Manta Terran 

Build Orders: 1/1/1, Cyclone Opening 

Get SALT Encoding   

  12  0:01  SCV  
  13  0:13  SCV  
  14  0:18  Supply Depot  
  14  0:25  SCV  
  14  0:28  Refinery  
  15  0:39  SCV  
  16  0:45  Barracks  
  16  0:51  SCV  
  16  0:55  Refinery  
  17  1:03  SCV  
  18  1:15  SCV  
  19  1:31  Orbital Command  
  19  1:33  Reaper  
  19  1:35  Factory  
  20  1:44  Supply Depot  
  20  1:57  SCV  
  21  2:05  Reaper  
  22  2:09  SCV  
  23  2:19  Cyclone  
  23  2:22  Starport, SCV  
  27  2:30  Supply Depot  
  27  2:34  SCV  
  28  2:37  Barracks Tech Lab  
  28  2:46  SCV  
  29  2:55  Cyclone  
  32  3:02  SCV  
  33  3:07  Banshee  
  33  3:12  Barracks Reactor  
  36  3:14  Supply Depot  
  36  3:15  SCV  
  37  3:34  Command Center  
  37  3:41  SCV  
  38  3:53  Raven  
  38  3:55  SCV  
  41  3:57  Hellion x2  
  45  4:03  Supply Depot  
  45  4:08  SCV  
  42  4:23  Cyclone  
  45  4:25  Cyclone  
  45  4:29  Supply Depot  
  48  4:31  SCV  
  49  4:45  SCV  
  43  4:53  Orbital Command  
  43  4:59  SCV  
  44  5:01  Cyclone x2  
  44  5:04  Refinery  
  50  5:11  SCV  
  51  5:19  SCV, Banshee  
  55  5:23  SCV  
  51  5:31  SCV  
  43  5:39  SCV  
  42  5:48  SCV  
  42  5:49  Cyclone  
  43  5:51  SCV  
  43  5:53  Hellion  
  45  6:00  SCV  
  46  6:07  SCV  
  47  6:12  SCV  
  47  6:15  Cyclone  
  47  6:17  Command Center  
  51  6:19  SCV  
  51  6:21  Cyclone  
  55  6:27  SCV  
  55  6:32  Barracks Tech Lab  
  56  6:37  SCV  
  56  6:39  SCV  
  58  6:44  Barracks x2  
  58  6:48  Marine  
  58  6:49  SCV  
  58  6:50  Starport Reactor  
  58  6:51  SCV  
  61  7:01  SCV  
  61  7:05  Refinery  
  61  7:07  Engineering Bay  
  63  7:09  Engineering Bay  
  63  7:11  Factory Tech Lab  
  63  7:13  SCV  
  58  7:25  SCV  
  57  7:32  Marine  
  57  7:33  Siege Tank  
  62  7:37  SCV  
  62  7:50  SCV  
  52  8:02  SCV  
Tags
 
Add a new tag
Caveats
  • Supply blocks, unpowered buildings, or Contaminate may cause inaccurate times.
  • Supply counts are checked every 10 seconds.